 Dungeon Crawl Stone Soup version 0.32-a0-656-g3542139ebd (webtiles) character file.

Game seed: 13821657154155399470

16566 backslashecho the Carver (level 12, -5/95 HPs)
             Began as a Demonspawn Gladiator on Mar 8, 2024.
             Was an Elder of Kikubaaqudgha.
             Slain by a skeletal warrior
             ... wielding a +0 war axe
              (15 damage)
             ... on level 11 of the Dungeon.
             The game lasted 00:44:32 (15812 turns).

backslashecho the Carver (Demonspawn Gladiator)    Turns: 15812, Time: 00:44:33

Health: -5/95      AC: 15    Str: 16    XL:     12   Next: 11%
Magic:  18/18      EV: 15    Int: 10    God:    Kikubaaqudgha [****..]
Gold:   803        SH:  0    Dex: 19    Spells: 7/19 levels left

rFire   . . .        b - +0 scimitar (spect)
rCold   . . .        (no shield)
rNeg    . . .        i - +2 chain mail {rPois}
rPois   +            c - +0 helmet
rElec   .            s - scarf {repulsion}
rCorr   .            (no gloves)
SInv    .            C - +1 pair of boots
Will    .....        g - amulet of the acrobat Stlth
                     F - +5 ring of evasion
HPRegen 0.35/turn    (no ring)
MPRegen 0.16/turn

%: repel missiles, acrobat
@: mighty, hasted, very quick
A: hooves 2, thin skeletal structure 1, foul stench 1
a: Renounce Religion, Unearth Wretches


You were on level 11 of the Dungeon.
You worshipped Kikubaaqudgha.
Kikubaaqudgha was greatly pleased with you.
You visited 2 branches of the dungeon, and saw 13 of its levels.
You also visited: Bailey.

You collected 803 gold pieces.

Inventory:

Hand Weapons
 a - a +0 long sword
 b - a +0 spectral scimitar (weapon)
Missiles
 d - 2 throwing nets
 w - 27 poisoned darts (quivered)
 J - 6 curare-tipped darts
Armour
 c - a +0 helmet (worn)
 i - a +2 chain mail of poison resistance (worn)
 s - a scarf of repulsion (worn)
 A - a +1 robe of resistance
 B - +0 acid dragon scales
 C - a +1 pair of boots (worn)
Magical Staves
 x - a staff of death
Jewellery
 g - an amulet of the acrobat (around neck)
 y - a ring of ice
 F - a +5 ring of evasion (left hand)
 L - a ring of see invisible
Wands
 e - a wand of flame (8)
 G - a wand of paralysis (4)
 K - a wand of iceblast (4)
Scrolls
 f - a scroll of revelation
 j - 6 scrolls of poison
 k - a scroll of vulnerability
 m - 4 scrolls of teleportation
 o - 3 scrolls of enchant armour
 r - a scroll of amnesia
 t - a scroll of noise
 z - a scroll of fog
 H - 2 scrolls of fear
Potions
 n - 2 potions of enlightenment
 p - 3 potions of heal wounds
 q - 2 potions of magic
 u - a potion of invisibility
 v - 2 potions of curing
 D - a potion of brilliance
 I - a potion of resistance
Miscellaneous
 h - a condenser vane


   Skills:
 - Level 9.0 Fighting
 * Level 13.9 Long Blades
 - Level 2.0 Throwing
 - Level 5.0 Armour
 + Level 5.1 Dodging
 - Level 4.0 Spellcasting
 + Level 5.2 Necromancy


You had 7 spell levels left.
You knew the following spells:

 Your Spells              Type           Power      Damage    Failure   Level
a - Fugue of the Fallen   Necr           12%        N/A       67%         3
b - Anguish               Hex/Necr       3%         N/A       100%        4
c - Curse of Agony        Necr           12%        N/A       100%        5

Your spell library contained the following spells:

 Spells                   Type           Power      Damage    Failure   Level
 Sublimation of Blood     Necr           12%        N/A       43%         2
 Kiss of Death            Conj/Necr      28%        2d7       67%         1
 Vampiric Draining        Necr           12%        2d6       67%         3
 Cigotuvi's Dreadful Rot  Necr/Alch/Air  10%        N/A       90%         2
 Static Discharge         Conj/Air       4%         3-4/arc   99%         2
 Airstrike                Air            1%         2d(1-17)  100%        4
 Ignite Poison            Fire/Alch      2%         N/A       100%        4
 Martyr's Knell           Necr/Summ      7%         N/A       100%        4
 Petrify                  Alch/Erth      2%         N/A       100%        4
 Summon Lightning Spire   Summ/Air       2%         N/A       100%        4
 Freezing Cloud           Conj/Ice/Air   1%         6-21      100%        5
 Irradiate                Conj/Alch      1%         3d12      100%        5
 Conjure Ball Lightning   Conj/Air       1%         3x3d6     100%        6
 Death Channel            Necr           6%         N/A       100%        6
 Discord                  Hex            1%         N/A       100%        8
 Disjunction              Tloc           1%         N/A       100%        8


Dungeon Overview and Level Annotations

Branches:
Dungeon (12/15)            Temple (1/1) D:5            Lair (0/5) D:11
 Bailey (visited)
    Orc: D:9-12

Altars:
Ashenzari
Cheibriados
Dithmenos
Fedhas
Gozag
Hepliaklqana
Kikubaaqudgha
Makhleb
Nemelex Xobeh
Okawaru
Qazlal
Ru
Sif Muna
Trog
Uskayaw
Vehumet
Wu Jian
Xom
Yredelemnul

Annotations:
D:2 Sigmund
D:4 Grinder


Innate Abilities, Weirdness & Mutations

You have hoof-like feet.
You have a somewhat thin skeletal structure. (Dex +2, Stealth+)
You may rarely emit foul miasma when damaged in melee.


Message History

You barely miss the boggart.
The boggart is almost dead.
Your +0 spectral scimitar hits the boggart!
You kill the boggart!
Kikubaaqudgha accepts your kill.
The shadow dissolves into shadows!
You start resting.
Your +0 spectral scimitar disappears.
HP restored.
Done exploring.
Health restored: 95 You climb downwards.
Reactivating autopickup.
There is a stone staircase leading up here.
A basilisk is nearby!
You slash the basilisk!
The basilisk is heavily wounded.
Your +0 spectral scimitar hits the basilisk.
The basilisk bites your +0 spectral scimitar!
Your spectral weapon shares its damage with you!
You take 8 damage, and have 87/95 hp.
You slash the basilisk!
The basilisk is almost dead.
Your +0 spectral scimitar barely misses the basilisk.
The basilisk bites you!
You emit a cloud of foul miasma!
You take 12 damage, and have 75/95 hp.
You closely miss the basilisk.
The basilisk is almost dead.
Your +0 spectral scimitar barely misses the basilisk.
You hit the basilisk.
The basilisk is almost dead.
Your +0 spectral scimitar hits the basilisk.
You kill the basilisk!
Kikubaaqudgha accepts your kill.
You start resting.
Your +0 spectral scimitar disappears.
HP restored.
There is a stone staircase leading up here.
There is an escape hatch in the ceiling here.
You now have 788 gold pieces (gained 22).
You open the door.
There is an open door here.
There is an open door here.
Found an escape hatch in the floor.
Found a stone staircase leading down.
Health restored: 95 You see here a basilisk skeleton.
L - a ring of see invisible
Found 3 stones.
Found a stone staircase leading up.
q - 2 potions of magic (gained 1)
You now have 803 gold pieces (gained 15).
You open the door.
There is an open door here.
Found a stone staircase leading down. 3 skeletal warriors come into view.
There are monsters nearby!
You hit the skeletal warrior but do no damage.
Your +0 spectral scimitar closely misses the skeletal warrior.
The skeletal warrior hits you with a +0 war axe!
The skeletal warrior hits your +0 spectral scimitar but does no damage.
The skeletal warrior misses you.
You take 8 damage, and have 87/95 hp.
Your +0 spectral scimitar disappears.
Okay, then.
The skeletal warrior attacks as it pursues you!
The skeletal warrior hits you with a +0 war axe!
You emit a cloud of foul miasma!
You take 10 damage, and have 78/95 hp.
You feel very mighty all of a sudden.
The skeletal warrior hits you from afar with a +0 trident!!
The skeletal warrior hits you with a +0 war axe!
You take 29 damage, and have 49/95 hp.
MASSIVE DAMAGE!!
You hit the skeletal warrior.
The skeletal warrior is lightly damaged.
Your +0 spectral scimitar hits the skeletal warrior but does no damage.
You slash the skeletal warrior!
The skeletal warrior is moderately damaged.
Your +0 spectral scimitar completely misses the skeletal warrior.
The skeletal warrior hits you but does no damage. x2
The skeletal warrior hits your +0 spectral scimitar but does no damage.
You hit the skeletal warrior.
The skeletal warrior is moderately damaged.
Your +0 spectral scimitar hits the skeletal warrior but does no damage.
The skeletal warrior hits you from afar with a +0 trident!
The skeletal warrior hits you with a +0 war axe!!
* * * LOW HITPOINT WARNING * * *
The skeletal warrior hits your +0 spectral scimitar with a +0 war axe!
Your spectral weapon shares its damage with you!
* * * LOW HITPOINT WARNING * * *
You take 40 damage, and have 10/95 hp.
MASSIVE DAMAGE!!
Okay, then.
Okay, then.
Unknown command.
Okay, then.
You feel yourself speed up.
Your +0 spectral scimitar disappears.
The skeletal warrior hits you but does no damage.
The skeletal warrior hits you with a +0 war axe!
You die...
Kikubaaqudgha rasps: You have failed me!
Welcome... death!

######## #..z...# #z#
####### #z# #.....#
###z########.....####
#.##...@.........)......
#.##.#.#######......####
#.##.#.# ##.....#
#.##.#.### ###.### #.#
#........# #.# #####.##
#.##.###.# #.# #.. ...#
#.#.#.##.# ##'## #.#
#..# #..###.#.# ##...##
#>###..# #.## ##..#
##.....##


You could see 3 skeletal warriors.

Vanquished Creatures
  3 two-headed ogres (D:10)
  The ghost of Jigsaw the Martial Artist, a novice GnRe of Gozag (D:10)
  Pikel (D:4)
  2 ugly things (D:10)
  A manticore (D:11)
  A gargoyle (D:7)
  A yaktaur (D:10)
  Maggie (D:6)
  A troll (D:11)
  A spriggan (D:8)
  2 wyverns
  A shadow (D:10)
  18 yaks
  A wraith (D:9)
  2 basilisks (D:11)
  2 vampires
  A steam dragon (D:5)
  4 water moccasins
  3 acid dragons
  Duvessa (D:5)
  A laughing skull (D:10)
  2 sky beasts (D:8)
  2 ice beasts
  A black bear (D:5)
  14 orc warriors
  3 ogres
  4 boggarts
  14 centaurs
  2 lemures
  A phantom (Temple)
  3 kobold brigands
  3 scorpions
  3 bullfrogs
  2 gnoll sergeants
  17 wights
  Dowan (D:5)
  5 killer bees
  6 howler monkeys
  A bombardier beetle (D:4)
  5 hounds
  5 orc priests
  A gnoll bouda (D:7)
  2 iguanas (D:6)
  7 orc wizards
  A sleepcap (D:4)
  13 adders
  19 gnolls
  3 shadow imps
  2 white imps
  6 ufetubi
  2 dart slugs
  4 ribbon worms
  61 orcs
  6 ball pythons
  3 endoplasms
  5 giant cockroaches
  8 goblins
  2 hobgoblins
  6 jackals
  3 quokkas (D:3)
  6 bats
  7 frilled lizards
  9 kobolds
  A rat (D:3)
320 creatures vanquished.

Vanquished Creatures (others)
  4 spectral weapons
4 creatures vanquished.

Grand Total: 324 creatures vanquished

Notes
Turn   | Place    | Note
-------+----------+-------------------------------------------
     0 | D:1      | backslashecho the Demonspawn Gladiator began the quest for
                  | the Orb.
     0 | D:1      | Reached XP level 1. HP: 16/16 MP: 1/1
   200 | D:1      | Gained mutation: You may rarely emit foul miasma when
                  | damaged in melee. [demonic ancestry]
   200 | D:1      | Reached XP level 2. HP: 22/22 MP: 2/2
   284 | D:1      | Reached skill level 3 in Long Blades
   711 | D:2      | Reached XP level 3. HP: 27/28 MP: 3/3
   728 | D:2      | Noticed Sigmund
   973 | D:3      | Reached XP level 4. HP: 31/34 MP: 4/4
  1296 | D:3      | Reached skill level 4 in Long Blades
  1636 | D:3      | Gained mutation: You have large cloven feet. [demonic
                  | ancestry]
  1636 | D:3      | Reached XP level 5. HP: 41/41 MP: 5/5
  2177 | D:4      | Found a burning altar of Makhleb.
  2346 | D:4      | Noticed Grinder
  2364 | D:4      | Paralysed by Grinder for 3 turns
  2656 | D:4      | Noticed Pikel
  2656 | D:4      | Noticed a lemure
  2657 | D:4      | Noticed a lemure
  2671 | D:4      | Paralysed by Grinder for 3 turns
  2878 | D:4      | Reached XP level 6. HP: 47/47 MP: 6/6
  2884 | D:4      | Found a stormy altar of Qazlal.
  3201 | D:4      | Reached skill level 5 in Long Blades
  3478 | D:5      | Entered Level 5 of the Dungeon
  3848 | D:4      | Killed Pikel
  3849 | D:4      | Reached skill level 6 in Long Blades
  3849 | D:4      | Reached XP level 7. HP: 55/55 MP: 7/7
  4092 | D:5      | Found a staircase to the Ecumenical Temple.
  4135 | Temple   | Entered the Ecumenical Temple
  4150 | Temple   | Became a worshipper of Kikubaaqudgha
  4223 | Temple   | Reached skill level 5 in Fighting
  4315 | D:5      | Noticed Dowan
  4349 | D:5      | Noticed Duvessa
  4611 | D:5      | Killed Duvessa
  4612 | D:5      | Reached skill level 7 in Long Blades
  4612 | D:5      | Gained mutation: You have a somewhat thin skeletal
                  | structure. (Dex +2, Stealth+) [demonic ancestry]
  4612 | D:5      | Reached XP level 8. HP: 62/62 MP: 8/8
  4623 | D:5      | Killed Dowan
  5632 | D:5      | Reached skill level 8 in Long Blades
  5875 | D:6      | Identified the +3 hand axe of Doors {pain, rElec rPois rF-
                  | rN++}
  6112 | D:6      | Reached XP level 9. HP: 71/71 MP: 9/9
  6136 | D:6      | Reached skill level 9 in Long Blades
  6141 | D:6      | Reached * piety under Kikubaaqudgha
  6141 | D:6      | Received a gift from Kikubaaqudgha
  6261 | D:6      | Found an iron altar of Okawaru.
  6377 | D:6      | Noticed Maggie
  6393 | D:6      | Killed Maggie
  6398 | D:6      | Reached skill level 10 in Long Blades
  6521 | D:6      | Paralysed by an orc for 5 turns
  7131 | D:7      | Reached skill level 1 in Necromancy
  7802 | D:7      | Noticed a gargoyle
  8026 | D:7      | Killed a gargoyle
  8323 | D:7      | Learned a level 3 spell: Fugue of the Fallen
  8457 | D:8      | Gained mutation: You have hoof-like feet. [demonic
                  | ancestry]
  8457 | D:8      | Reached XP level 10. HP: 74/80 MP: 10/10
  8702 | D:8      | Reached ** piety under Kikubaaqudgha
  9241 | D:8      | Reached skill level 11 in Long Blades
 10154 | D:9      | Reached skill level 9 in Fighting
 11064 | D:10     | Entered Level 10 of the Dungeon
 11147 | D:10     | Reached skill level 5 in Necromancy
 11179 | D:10     | Reached *** piety under Kikubaaqudgha
 11179 | D:10     | Received a gift from Kikubaaqudgha
 11185 | D:10     | Learned a level 4 spell: Anguish
 11193 | D:10     | Found a flagged portal.
 11193 | D:10     | Noticed a two-headed ogre
 11205 | D:10     | Killed a two-headed ogre
 11206 | D:10     | Reached skill level 5 in Dodging
 11206 | D:10     | Reached skill level 1 in Spellcasting
 11210 | D:10     | Reached skill level 12 in Long Blades
 11386 | Bailey   | Entered a bailey
 11806 | Bailey   | Reached XP level 11. HP: 89/89 MP: 13/13
 11988 | Bailey   | Reached skill level 1 in Armour
 13127 | D:10     | Noticed a two-headed ogre
 13137 | D:10     | Killed a two-headed ogre
 13137 | D:10     | Reached **** piety under Kikubaaqudgha
 13349 | D:10     | Found a radiant altar of Vehumet.
 13451 | D:10     | Found a runed translucent gate.
 13453 | D:10     | Found a runed translucent gate.
 13453 | D:10     | Found a runed translucent gate.
 13453 | D:10     | Noticed Jigsaw's ghost (novice GnRe)
 13577 | D:10     | Noticed a cyan ugly thing
 13594 | D:10     | Killed a cyan ugly thing
 13602 | D:10     | Noticed a purple ugly thing
 13612 | D:10     | HP: 4/88 [purple ugly thing (2)]
 13613 | D:10     | Killed a purple ugly thing
 13614 | D:10     | Reached skill level 13 in Long Blades
 13901 | D:10     | Noticed a two-headed ogre
 13911 | D:10     | Killed a two-headed ogre
 14335 | D:10     | You fall into a shaft and drop 2 floors!
 14709 | D:10     | Killed Jigsaw's ghost
 14755 | D:10     | Learned a level 5 spell: Curse of Agony
 14900 | D:11     | Found a staircase to the Lair.
 14908 | D:11     | Reached XP level 12. HP: 77/95 MP: 18/18
 14943 | D:11     | Reached skill level 5 in Armour
 15300 | D:10     | Noticed a two-headed ogre
 15812 | D:11     | Slain by a skeletal warrior

Illustrated notes

Levels and vault maps discovered:
D:1:      dpeg_arrival_water_temple_mockup, layout_rooms, corexii_corridor_pit,
          dk_noncrumbling_3
D:2:      layout_loops_ring, uniq_sigmund
D:3:      minmay_recursive_quarters, layout_loops_ring,
          minmay_increasing_density
D:4:      layout_loops_ring, mainiacjoe_overflow_chevrons, tso_altar,
          mainiacjoe_overflow_concentric_impassable, nicolae_zen_rock_garden,
          uniq_pikel, uniq_grinder
D:5:      layout_basic, temple_green, uniq_duvessa
D:6:      cheibrodos_fzero, layout_cave_pools, amcnicky_altar_gilded,
          due_unseen_surprise, uniq_maggie
D:7:      layout_layer_cave
D:8:      layout_loops_ring, the_hattery
D:9:      layout_gridville
D:10:     layout_rooms, nicolae_vehumet_altar_sigil,
          lightli_bailey_entry_fortress, ebering_ghost_rock_garden,
          nicolae_doodle_vault
D:11:     layout_loops_corners, minmay_lair_entry_grove
D:12:     layout_rooms, orc_0_dummy
Temple:   nicolae_temple_bog_church

Skill      XL: |  1  2  3  4  5  6  7  8  9 10 11 12 |
---------------+-------------------------------------+-----
Throwing       | 2 |  2.0
Long Blades    | 3 4 6 7 8 10 12 13 | 13.9
Dodging        | 3 4 5 |  5.1
Fighting       | 3 4 5 6 8 9 |  9.0
Necromancy     | 2 5 |  5.2
Spellcasting   | 1 4 |  4.0
Armour         | 4 5 |  5.0

Action                     |  1- 3 |  4- 6 |  7- 9 | 10-12 || total
---------------------------+-------+-------+-------+-------++-------
  Melee: Long sword        |   120 |   246 |   182 |       ||   548
         Kick              |       |    49 |    25 |       ||    74
         Staff             |       |     2 |       |       ||     2
         Scimitar          |       |       |   181 |   523 ||   704
  Throw: Throwing net      |       |       |     5 |       ||     5
         Dart              |       |       |       |    17 ||    17
         Javelin           |       |       |       |    13 ||    13
  Evoke: Wand              |       |     5 |     7 |    24 ||    36
    Use: Scroll            |       |     5 |    14 |     6 ||    25
         Potion            |       |       |     4 |     4 ||     8
   Stab: Held in net/web   |       |       |     2 |       ||     2
         Distracted        |       |       |       |     9 ||     9
         Paralysed         |       |       |       |    16 ||    16
 Armour: Chain mail        |   120 |   235 |   324 |   359 ||  1038
         Leather armour    |     5 |       |       |       ||     5
         Skin              |       |       |    78 |       ||    78
         Acid dragon scale |       |       |       |     2 ||     2
  Dodge: Dodged            |    53 |   146 |   160 |   437 ||   796
         Repelled          |       |     3 |     6 |    21 ||    30

Table legend: (Time is in decaauts)
 A = Elapsed time spent in this place.
 B = Non-inter-level travel time spent in this place.
 C = Inter-level travel time spent in this place.
 D = Time resting spent in this place.
 E = Time spent auto-exploring this place.
 F = Levels seen in this place.
 G = Mean time per level.
                   A        B        C        D        E       F      G
               +--------+--------+--------+--------+--------+-----+--------+
         Total |  15810 |  14855 |    955 |   3286 |   7964 |  14 | 1129.3 |
       Dungeon |  13871 |  12944 |    927 |   2262 |   7756 |  12 | 1155.9 |
        Temple |    341 |    313 |     28 |    285 |      0 |   1 |  341.0 |
        Bailey |   1598 |   1598 |      0 |    739 |    207 |   1 | 1598.0 |
               +--------+--------+--------+--------+--------+-----+--------+

Top non-repeatable levels by time:
     D:9: 2009 daAuts
    D:10: 1976 daAuts
     D:5: 1921 daAuts
  Bailey: 1598 daAuts
     D:3: 1575 daAuts
     D:7: 1386 daAuts
     D:8: 1221 daAuts
     D:4: 1195 daAuts
     D:6: 1087 daAuts
     D:1: 656 daAuts
    D:11: 564 daAuts
  Temple: 341 daAuts
     D:2: 272 daAuts
    D:12: 5 daAuts
